| TOP OF THE 1ST |
|
Erie SeaWolves batting - Pitching for Bowie Baysox : RHP Nick Hoag
|
|
Pitching: RHP Nick Hoag
|
|
|
Batting: RHB Janne Vihko
|
0-0: SINGLE (Groundball, 6MD, EV 108.1 MPH)
|
|
Batting: RHB Norm Wood
|
0-0: Ball Janne Vihko is caught stealing 2nd base 2-4 1-0: Ball 2-0: SINGLE (Popup, 34, EV 60.0 MPH)
|
|
Batting: RHB Eric Angelle
|
0-0: Ball Norm Wood is caught stealing 2nd base 2-4 1-0: Ball 2-0: Called Strike 2-1: Foul Ball, location: 2F 2-2: SINGLE (Groundball, 56S, EV 70.0 MPH) (infield hit)
|
|
Batting: LHB Afanasy Zasekin
|
0-0: Ball Eric Angelle steals 2nd base 1-0: Ball 2-0: Swinging Strike 2-1: Foul Ball, location: 2F 2-2: Ball 3-2: Strikes out looking
|
| Top of the 1st over - 0 runs, 3 hits, 0 errors, 1 left on base; Erie 0 - Bowie 0 |
| BOTTOM OF THE 1ST |
|
Bowie Baysox batting - Pitching for Erie SeaWolves : RHP Martin Murillo
|
|
Pitching: RHP Martin Murillo
|
|
|
Batting: RHB Joe Young
|
0-0: Bunted foul 0-1: Swinging Strike 0-2: Ball 1-2: Strikes out looking
|
|
Batting: RHB Daniel Jackson
|
0-0: Swinging Strike 0-1: Fly out, F8 (Flyball, 8LXD, EV 98.1 MPH)
|
|
Batting: RHB Luke Vaccarino
|
0-0: Called Strike 0-1: Swinging Strike 0-2: Foul Ball, location: 2F 0-2: Foul Ball, location: 2F 0-2: DOUBLE (Flyball, 8RXD, EV 93.1 MPH)
|
|
Batting: RHB Jonathan Mendoza
|
0-0: Ball 1-0: DOUBLE (Line Drive, 89D, EV 105.6 MPH) Luke Vaccarino scores
|
|
Batting: RHB Wes Reynolds
|
0-0: Ball 1-0: Foul Ball, location: 2F 1-1: Ball 2-1: Foul Ball, location: 2F 2-2: SINGLE (Groundball, 6MD, EV 102.5 MPH) Jonathan Mendoza to third Runner from 3rd tries for Home, SAFE, throw by CF to home Wes Reynolds to second
|
|
Batting: RHB Alfredo Reguera
|
0-0: Called Strike 0-1: SINGLE (Line Drive, 7LS, EV 97.5 MPH) Wes Reynolds to third Runner from 3rd tries for Home, SAFE, throw by LF to home
|
|
Batting: RHB Josh Hopp
|
0-0: SINGLE (Groundball, 56, EV 101.9 MPH) (infield hit) Alfredo Reguera to second
|
|
Batting: RHB Wil Ochoa
|
0-0: Ball 1-0: Called Strike 1-1: Ball 2-1: Foul Ball, location: 2F 2-2: Foul Ball, location: 2F 2-2: Ball 3-2: Ground out 4-3 (Groundball, 34, EV 87.5 MPH)
|
| Bottom of the 1st over - 3 runs, 5 hits, 0 errors, 2 left on base; Erie 0 - Bowie 3 |
| TOP OF THE 2ND |
|
Erie SeaWolves batting - Pitching for Bowie Baysox : RHP Nick Hoag
|
|
Batting: LHB Jamie Christian
|
0-0: Foul Ball, location: 2F 0-1: Ball 1-1: Fly out, F8 (Flyball, 78M, EV 76.2 MPH)
|
|
Batting: RHB German Quiroga
|
0-0: Ball 1-0: Ball 2-0: Ball 3-0: Called Strike 3-1: Base on Balls
|
|
Batting: RHB Jaden Warrior
|
0-0: Ball 1-0: Fielders Choice at 2nd, 5-4 (Groundball, 5, EV 84.4 MPH)
|
|
Batting: LHB Nick Nino
|
0-0: Ball 1-0: Ball 2-0: Ball 3-0: Base on Balls Jaden Warrior to second
|
|
Batting: RHB Tanner Purchase
|
0-0: Foul Ball, location: 2F 0-1: Ball 1-1: Fly out, F9 (Line Drive, 9S, EV 96.2 MPH)
|
| Top of the 2nd over - 0 runs, 0 hits, 0 errors, 2 left on base; Erie 0 - Bowie 3 |
| BOTTOM OF THE 2ND |
|
Bowie Baysox batting - Pitching for Erie SeaWolves : RHP Martin Murillo
|
|
Batting: RHB Honório Szenes
|
0-0: Ball 1-0: Swinging Strike 1-1: Foul Ball, location: 2F 1-2: Fly out, F2 (Popup, 23F, EV 81.2 MPH)
|
|
Batting: RHB Joe Young
|
0-0: Called Strike 0-1: Foul Ball, location: 2F 0-2: Fly out, F7 (Flyball, 7, EV 89.4 MPH)
|
|
Batting: RHB Daniel Jackson
|
0-0: Ball 1-0: SINGLE (Line Drive, 7S, EV 98.8 MPH)
|
|
Batting: RHB Luke Vaccarino
|
0-0: Called Strike 0-1: Ball 1-1: Ball 2-1: Called Strike 2-2: Strikes out swinging
|
| Bottom of the 2nd over - 0 runs, 1 hit, 0 errors, 1 left on base; Erie 0 - Bowie 3 |
| TOP OF THE 3RD |
|
Erie SeaWolves batting - Pitching for Bowie Baysox : RHP Nick Hoag
|
|
Batting: RHB Janne Vihko
|
0-0: Swinging Strike 0-1: Ball 1-1: Called Strike 1-2: Ball 2-2: Ground out 4-3 (Groundball, 4, EV 87.5 MPH)
|
|
Batting: RHB Norm Wood
|
0-0: Called Strike 0-1: Ground out 4-3 (Groundball, 4, EV 85.0 MPH)
|
|
Batting: RHB Eric Angelle
|
0-0: Swinging Strike 0-1: Ball 1-1: Ball 2-1: Ball 3-1: SINGLE (Groundball, 6D, EV 99.4 MPH)
|
|
Batting: LHB Afanasy Zasekin
|
0-0: Called Strike 0-1: Swinging Strike 0-2: Ball 1-2: Ground out 4-3 (Groundball, 34, EV 77.5 MPH)
|
| Top of the 3rd over - 0 runs, 1 hit, 0 errors, 1 left on base; Erie 0 - Bowie 3 |
| BOTTOM OF THE 3RD |
|
Bowie Baysox batting - Pitching for Erie SeaWolves : RHP Martin Murillo
|
|
Batting: RHB Jonathan Mendoza
|
0-0: Ball 1-0: Foul Ball, location: 2F 1-1: Ball 2-1: Fly out, F8 (Flyball, 8LD, EV 86.2 MPH)
|
|
Batting: RHB Wes Reynolds
|
0-0: Ball 1-0: Ball 2-0: Called Strike 2-1: Ball 3-1: Base on Balls
|
|
Batting: RHB Alfredo Reguera
|
0-0: Called Strike Wes Reynolds steals 2nd base 0-1: Ball 1-1: Ball 2-1: Foul Ball, location: 2F 2-2: Ground out 1-3 (Groundball, 13S, EV 73.1 MPH) Wes Reynolds to third
|
|
Batting: RHB Josh Hopp
|
0-0: Ground out 6-3 (Groundball, 6M, EV 102.5 MPH)
|
| Bottom of the 3rd over - 0 runs, 0 hits, 0 errors, 1 left on base; Erie 0 - Bowie 3 |
| TOP OF THE 4TH |
|
Erie SeaWolves batting - Pitching for Bowie Baysox : RHP Nick Hoag
|
|
Batting: LHB Jamie Christian
|
0-0: Ball 1-0: Ground out U3 (Groundball, 3L, EV 86.9 MPH)
|
|
Batting: RHB German Quiroga
|
0-0: Ball 1-0: Foul Ball, location: 2F 1-1: Called Strike 1-2: Foul Ball, location: 2F 1-2: Ball 2-2: Strikes out swinging
|
|
Batting: RHB Jaden Warrior
|
0-0: Ball 1-0: Foul Ball, location: 2F 1-1: Ball 2-1: SINGLE (Groundball, 56D, EV 94.4 MPH)
|
|
Batting: LHB Nick Nino
|
0-0: Called Strike 0-1: Ball 1-1: Foul Ball, location: 2F 1-2: Strikes out swinging
|
| Top of the 4th over - 0 runs, 1 hit, 0 errors, 1 left on base; Erie 0 - Bowie 3 |
| BOTTOM OF THE 4TH |
|
Bowie Baysox batting - Pitching for Erie SeaWolves : RHP Martin Murillo
|
|
Batting: RHB Wil Ochoa
|
0-0: Called Strike 0-1: Called Strike 0-2: Foul Ball, location: 2F 0-2: Foul Ball, location: 2F 0-2: Ground out 6-3 (Groundball, 6, EV 87.5 MPH)
|
|
Batting: RHB Honório Szenes
|
0-0: Foul Ball, location: 2F 0-1: Foul Ball, location: 2F 0-2: Strikes out swinging
|
|
Batting: RHB Joe Young
|
0-0: Ball 1-0: Ground out 6-3 (Groundball, 56D, EV 89.4 MPH)
|
| Bottom of the 4th over - 0 runs, 0 hits, 0 errors, 0 left on base; Erie 0 - Bowie 3 |
| TOP OF THE 5TH |
|
Erie SeaWolves batting - Pitching for Bowie Baysox : RHP Nick Hoag
|
|
Batting: RHB Tanner Purchase
|
0-0: Called Strike 0-1: Called Strike 0-2: Ground out 6-3 (Groundball, 6, EV 101.9 MPH)
|
|
Batting: RHB Janne Vihko
|
0-0: Called Strike 0-1: Foul Ball, location: 2F 0-2: Ball 1-2: Ball 2-2: Ball 3-2: Strikes out swinging
|
|
Batting: RHB Norm Wood
|
0-0: Swinging Strike 0-1: Swinging Strike 0-2: Strikes out looking
|
| Top of the 5th over - 0 runs, 0 hits, 0 errors, 0 left on base; Erie 0 - Bowie 3 |
| BOTTOM OF THE 5TH |
|
Bowie Baysox batting - Pitching for Erie SeaWolves : RHP Martin Murillo
|
|
Batting: RHB Daniel Jackson
|
0-0: Ball 1-0: Fly out, F7 (Line Drive, 78S, EV 96.2 MPH)
|
|
Batting: RHB Luke Vaccarino
|
0-0: Called Strike 0-1: Ball 1-1: Called Strike 1-2: Ground out 3-1 (Groundball, 34, EV 108.8 MPH)
|
|
Batting: RHB Jonathan Mendoza
|
0-0: Ball 1-0: Ball 2-0: Called Strike 2-1: Foul Ball, location: 2F 2-2: Fly out, F8 (Flyball, 8LM, EV 83.8 MPH)
|
| Bottom of the 5th over - 0 runs, 0 hits, 0 errors, 0 left on base; Erie 0 - Bowie 3 |
| TOP OF THE 6TH |
|
Erie SeaWolves batting - Pitching for Bowie Baysox : RHP Nick Hoag
|
|
Batting: RHB Eric Angelle
|
0-0: Called Strike 0-1: Foul Ball, location: 2F 0-2: Ball 1-2: Foul Ball, location: 2F 1-2: Foul Ball, location: 2F 1-2: Ball 2-2: Foul Ball, location: 2F 2-2: Ground out 6-3 (Groundball, 6, EV 92.5 MPH)
|
|
Pitching: RHP Bryant Orr
|
|
|
Batting: LHB Afanasy Zasekin
|
0-0: Foul Ball, location: 2F 0-1: Ball 1-1: Ball 2-1: Foul Ball, location: 2F 2-2: Foul Ball, location: 2F 2-2: Ground out 4-3 (Groundball, 4S, EV 63.8 MPH)
|
|
Batting: LHB Jamie Christian
|
0-0: Ground out 4-3 (Groundball, 4D, EV 101.9 MPH)
|
| Top of the 6th over - 0 runs, 0 hits, 0 errors, 0 left on base; Erie 0 - Bowie 3 |
| BOTTOM OF THE 6TH |
|
Bowie Baysox batting - Pitching for Erie SeaWolves : RHP Martin Murillo
|
|
Batting: RHB Wes Reynolds
|
0-0: Ball 1-0: Ground out 1-3 (Groundball, 13S, EV 66.2 MPH)
|
|
Batting: RHB Alfredo Reguera
|
0-0: Fly out, F5 (Popup, 5F, EV 64.4 MPH)
|
|
Batting: RHB Josh Hopp
|
0-0: Called Strike 0-1: Fly out, F4 (Popup, 23, EV 86.9 MPH)
|
| Bottom of the 6th over - 0 runs, 0 hits, 0 errors, 0 left on base; Erie 0 - Bowie 3 |
| TOP OF THE 7TH |
|
Erie SeaWolves batting - Pitching for Bowie Baysox : RHP Bryant Orr
|
|
Now at 3B: Chris Wright
|
|
|
Batting: RHB German Quiroga
|
0-0: Called Strike 0-1: Ball 1-1: SINGLE (Line Drive, 8RS, EV 106.2 MPH)
|
|
Batting: RHB Jaden Warrior
|
0-0: Called Strike 0-1: Swinging Strike 0-2: Strikes out swinging
|
|
Batting: LHB Nick Nino
|
0-0: Ball 1-0: Ball German Quiroga steals 2nd base 2-0: Ball 3-0: Foul Ball, location: 2F 3-1: Base on Balls
|
|
Batting: RHB Tanner Purchase
|
0-0: Ball 1-0: Foul Ball, location: 2F 1-1: Grounds into double play, 5-4-3 (Groundball, 56S, EV 85.0 MPH)
|
| Top of the 7th over - 0 runs, 1 hit, 0 errors, 1 left on base; Erie 0 - Bowie 3 |
| BOTTOM OF THE 7TH |
|
Bowie Baysox batting - Pitching for Erie SeaWolves : RHP Martin Murillo
|
|
Batting: RHB Wil Ochoa
|
0-0: SINGLE (Groundball, 6D, EV 96.2 MPH)
|
|
Batting: RHB Honório Szenes
|
0-0: Called Strike 0-1: Ball 1-1: Ball 2-1: Fielders Choice at 2nd, 5-4 (Groundball, 56, EV 100.6 MPH)
|
|
Batting: RHB Joe Young
|
0-0: Ball Wild Pitch! Honório Szenes to second 1-0: Called Strike 1-1: Called Strike 1-2: Ball 2-2: Ground out 5-3 (Groundball, 56S, EV 81.9 MPH)
|
|
Batting: RHB Daniel Jackson
|
0-0: Ball 1-0: Ground out U3 (Groundball, 34, EV 86.9 MPH)
|
| Bottom of the 7th over - 0 runs, 1 hit, 0 errors, 1 left on base; Erie 0 - Bowie 3 |
| TOP OF THE 8TH |
|
Erie SeaWolves batting - Pitching for Bowie Baysox : RHP Bryant Orr
|
|
Pitching: RHP Harley Hyde
|
|
|
Batting: RHB Janne Vihko
|
0-0: Called Strike 0-1: Swinging Strike 0-2: Ball 1-2: Strikes out looking
|
|
Batting: RHB Norm Wood
|
0-0: DOUBLE (Line Drive, 5D, EV 101.2 MPH)
|
|
Batting: RHB Eric Angelle
|
0-0: Ball 1-0: Ball 2-0: Ball 3-0: Called Strike 3-1: SINGLE (Groundball, 34D, EV 108.1 MPH) Norm Wood to third
|
|
Batting: LHB Afanasy Zasekin
|
0-0: Called Strike 0-1: Ball 1-1: Foul Ball, location: 2F 1-2: Foul Ball, location: 2F 1-2: Strikes out swinging
|
|
Batting: LHB Jamie Christian
|
0-0: Foul Ball, location: 2F 0-1: Called Strike 0-2: Strikes out swinging
|
| Top of the 8th over - 0 runs, 2 hits, 0 errors, 2 left on base; Erie 0 - Bowie 3 |
| BOTTOM OF THE 8TH |
|
Bowie Baysox batting - Pitching for Erie SeaWolves : RHP Martin Murillo
|
|
Batting: RHB Luke Vaccarino
|
0-0: Foul Ball, location: 2F 0-1: Swinging Strike 0-2: Ball 1-2: SINGLE (Groundball, 56D, EV 110.0 MPH)
|
|
Batting: RHB Jonathan Mendoza
|
0-0: Ball 1-0: Ball 2-0: Ball 3-0: Foul Ball, location: 2F 3-1: Ground out 6-3 (Groundball, 6D, EV 102.5 MPH) Luke Vaccarino to second
|
|
Pitching: RHP Eddie Hodgson
|
|
|
Batting: SHB Chris Wright
|
0-0: Ball 1-0: Foul Ball, location: 2F 1-1: Swinging Strike 1-2: Ball 2-2: Strikes out swinging
|
|
Batting: RHB Alfredo Reguera
|
0-0: Fly out, F7 (Flyball, 78S, EV 78.8 MPH)
|
| Bottom of the 8th over - 0 runs, 1 hit, 0 errors, 1 left on base; Erie 0 - Bowie 3 |
| TOP OF THE 9TH |
|
Erie SeaWolves batting - Pitching for Bowie Baysox : RHP Harley Hyde
|
|
Pitching: RHP Manny Rolfe
|
|
|
Batting: RHB German Quiroga
|
0-0: Ball 1-0: Called Strike 1-1: Ball 2-1: Ground out 6-3 (Groundball, 6MD, EV 82.5 MPH)
|
|
Batting: RHB Jaden Warrior
|
0-0: SINGLE (Groundball, 5S, EV 68.8 MPH) (infield hit)
|
|
Batting: LHB Nick Nino
|
0-0: Foul Ball, location: 2F 0-1: Ball 1-1: Swinging Strike 1-2: Strikes out looking
|
|
Pinch Hitting: LHB Jon Frederick
|
0-0: Called Strike 0-1: Ball 1-1: Ball 2-1: Swinging Strike 2-2: Foul Ball, location: 2F 2-2: Foul Ball, location: 2F 2-2: Strikes out swinging
|
| Top of the 9th over - 0 runs, 1 hit, 0 errors, 1 left on base; Erie 0 - Bowie 3 |
|